 Dungeon Crawl Stone Soup version 0.22-a0-571-g4a923d4 (webtiles) character file.

147035 kae the Whirler (level 18, 123/126 HPs)
             Began as a Halfling Hunter on July 1, 2018.
             Was the Champion of Okawaru.
             Quit the game on level 2 of the Abyss.
             The game lasted 00:58:41 (34187 turns).

kae the Whirler (Halfling Hunter)                  Turns: 34187, Time: 00:58:42

Health: 123/126    AC: 32    Str: 23    XL:     18   Next: 8%
Magic:  27/27      EV: 17    Int:  4    God:    Okawaru [******]
Gold:   2144       SH:  7    Dex: 23    Spells: 15/17 levels left

rFire    . . .     SeeInvis +   b - +6 fustibalus of Demonkind {velocity, MR+ SInv}
rCold    . . .     Gourm    .   O - +0 buckler
rNeg     + . .     Faith    .   z - +5 crystal plate armour
rPois    +         Spirit   +   R - +1 hat {SInv}
rElec    +         Reflect  .   V - scarf {cloud immunity}
rCorr    .         Harm     .   u - +0 pair of gloves "Leos" {Str+4 SInv}
MR       ++...                  I - +0 pair of boots of the Morning {rElec rN+ Str+6 Int-5} (curse)
Stlth    ..........             r - amulet of guardian spirit
HPRegen  0.31/turn              q - +3 ring of slaying
MPRegen  0.20/turn              N - ring of poison resistance

@: no status effects
A: small, horns 1, mutation resistance 1
a: Heroism, Finesse, Renounce Religion


You were on level 2 of the Abyss.
You worshipped Okawaru.
Okawaru was exalted by your worship.
You were hungry.

You visited 4 branches of the dungeon, and saw 27 of its levels.
You visited the Abyss 1 time.
You also visited: Labyrinth.

You collected 2441 gold pieces.
You spent 297 gold pieces at shops.

Inventory:

Hand Weapons
 a - a +4 demon whip of electrocution
 b - the +6 fustibalus of Demonkind (weapon) {velocity, MR+ SInv}
   (You found it on level 1 of the Spider Nest)

   Any stone fired from it inflicts extra damage.
   It affects your resistance to hostile enchantments.
   It lets you see invisible.
 c - a +9 hunting sling of freezing
 w - the +8 hunting sling "Jelly's Doom" {velocity, Str+5 Dex+2 Stlth+}
   (You acquired it on level 6 of the Lair of Beasts)

   Any stone fired from it inflicts extra damage.
   It affects your strength (+5).
   It affects your dexterity (+2).
   It makes you more stealthy.
Missiles
 l - 417 stones
 J - 232 sling bullets (quivered)
Armour
 u - the +0 pair of gloves "Leos" (worn) {Str+4 SInv}
   (Okawaru gifted it to you on level 13 of the Dungeon)

   It affects your strength (+4).
   It lets you see invisible.
 z - a +5 crystal plate armour (worn)
 I - the cursed +0 pair of boots of the Morning (worn) {rElec rN+ Str+6 Int-5}
   (You found it on level 10 of the Dungeon)

   It affects your strength (+6).
   It affects your intelligence (-5).
   It insulates you from electricity.
   It protects you from negative energy.
   It has a curse placed upon it.
 O - a +0 buckler (worn)
 R - a +1 hat of see invisible (worn)
 S - a scarf of spirit shield
 V - a scarf of cloud immunity (worn)
Jewellery
 q - a +3 ring of slaying (left hand)
 r - an amulet of guardian spirit (around neck)
 N - a ring of poison resistance (right hand)
 U - an uncursed ring of resist corrosion
 Y - an uncursed ring of protection from magic
Wands
 d - a wand of paralysis (11)
 j - a wand of digging (15)
 m - a wand of random effects (161)
 A - a wand of acid (14)
 C - a wand of iceblast (15)
 F - a wand of disintegration (14)
 G - a wand of clouds (2)
 H - a wand of flame (95)
 X - a wand of polymorph (8)
Scrolls
 g - 8 scrolls of identify
 i - 3 scrolls of blinking
 n - 16 scrolls of remove curse
 p - 8 scrolls of teleportation
 x - 5 scrolls of fear
 y - a scroll of enchant armour
 B - 3 scrolls of amnesia
 K - 2 scrolls of magic mapping
 M - 4 scrolls of fog
Potions
 e - 5 potions of curing
 h - 3 potions of might
 k - 2 potions of berserk rage
 o - 2 potions of mutation
 s - 3 potions of flight
 t - 7 potions of haste
 v - 2 potions of cancellation
 D - 3 potions of heal wounds
 E - 2 potions of brilliance
 L - 3 potions of lignification
 P - 5 potions of resistance
 T - 2 potions of agility
 Z - a potion of invisibility
Comestibles
 f - 34 rations


   Skills:
 + Level 12.2 Fighting
 * Level 20.3 Slings
 + Level 14.1 Armour
 + Level 14.3 Dodging
 + Level 9.3 Stealth
 - Level 5.6 Shields
 + Level 5.3 Translocations
 - Level 12.0 Invocations


You had 15 spell levels left.
You knew the following spells:

 Your Spells              Type           Power        Failure   Level  Hunger
a - Blink                 Tloc           N/A          98%         2    ###....

Your spell library contained the following spells:

 Spells                   Type           Power        Failure   Level  Hunger
 Cause Fear               Hex            #.........   100%        4    #####..
 Apportation              Tloc           #.....       94%         1    ##.....
 Bolt of Cold             Conj/Ice       #.........   100%        6    #######
 Lightning Bolt           Conj/Air       #.........   100%        5    ######.
 Slow                     Hex            #.......     100%        2    ###....
 Invisibility             Hex            #.......     100%        6    #######
 Tukima's Dance           Hex            #.......     100%        3    ####...
 Shock                    Conj/Air       #...         100%        1    ##.....
 Swiftness                Chrm/Air       #.......     100%        2    ###....
 Spider Form              Tmut/Pois      #.........   100%        3    ####...
 Blade Hands              Tmut           #.........   100%        5    ######.
 Statue Form              Tmut/Erth      #........    100%        6    #######
 Ice Form                 Ice/Tmut       #.......     100%        4    #####..
 Dragon Form              Tmut           #.........   100%        7    #######
 Throw Icicle             Conj/Ice       #.......     100%        4    #####..
 Airstrike                Air            #.........   100%        4    #####..
 Flame Tongue             Conj/Fire      #....        100%        1    ##.....
 Sticks to Snakes         Tmut           #.......     100%        2    ###....
 Summon Butterflies       Summ           #.......     100%        1    ##.....
 Static Discharge         Conj/Air       #.......     100%        3    ####...
 Corona                   Hex            #......      100%        1    ##.....
 Alistair's Intoxication  Tmut/Pois      #.......     100%        5    ######.
 Portal Projectile        Hex/Tloc       #.....       100%        3    ####...
 Passage of Golubria      Tloc           N/A          100%        4    #####..
 Leda's Liquefaction      Hex/Erth       #.........   100%        4    #####..
 Inner Flame              Hex/Fire       #.......     100%        3    ####...
 Beastly Appendage        Tmut           #.....       100%        1    ##.....
 Hydra Form               Tmut           #.........   100%        6    #######
 Irradiate                Conj/Tmut      #.........   100%        5    ######.
 Gell's Gravitas          Tloc           #.........   100%        3    ####...
 Lesser Beckoning         Tloc           #.........   100%        3    ####...


Dungeon Overview and Level Annotations

Branches:
Dungeon (15/15)            Temple (0/1) D:7            Lair (6/6) D:8
  Swamp (0/4) Lair:3       Spider (4/4) Lair:4        Slime (0/5) Lair:6
    Orc (2/2) D:10            Elf (0/3) Orc:2        Vaults (0/5) D:14
 Depths (0/5) D:15

Altars:
Ashenzari
Dithmenos
Gozag
Kikubaaqudgha
Okawaru
Ru
Vehumet
Beogh
Jiyva

Shops:
D:5 *   D:14 *   D:15 *   Orc:2 [}!(

Portals:
Trove: D:11 (give 7 potions of haste)

Annotations:
D:13 1 runed door, pedritolo's ghost, journeyman TrBe
Lair:5 1 runed door
Spider:4 Louise


Innate Abilities, Weirdness & Mutations

You are small and have problems with some larger weapons.
You are somewhat resistant to further mutation.
You have a pair of small horns on your head.


Message History

Aim: a wretched star (severely damaged)
You shoot a sling bullet.
The sling bullet hits the wretched star!
The wretched star is almost destroyed.
The wretched star pulses with an eldritch light!
Firing (i - inventory. (/) - cycle)
J - 234 sling bullets (quivered)
Press: ? - help, Shift-Dir - straight line, f/p - wretched star
Aim: a wretched star (almost destroyed)
You shoot a sling bullet.
The sling bullet barely misses the wretched star.
The wretched star glows turbulently.
The orb of energy misses you.
The orb of energy explodes!
Firing (i - inventory. (/) - cycle)
J - 233 sling bullets (quivered)
Press: ? - help, Shift-Dir - straight line, f/p - wretched star
Aim: a wretched star (almost destroyed)
You shoot a sling bullet.
The sling bullet hits the wretched star!!
You destroy the wretched star!
Okawaru accepts your kill.
Are you sure you want to abandon this character and quit the game? (Confirm with "yes".)

. .. #.#. #
...#.. . # .
.. #....#
.#..# . .. .
##..#.###..#
.. ....#
#.#.....# ..
..#
........# #
..# .
....#.#.###
.# #..
##.(.#.... #
# #
#..(#.......
###@#. .....
#.#...#..
.(#..#.# #
#.#.#.. .#
##.. ..# ..
... ... #.
#..#.#.#.. .
### #.##.# #
..


There were no monsters in sight!

Vanquished Creatures
  Arachne (Spider:2)
  Rupert (Spider:1)
  A shadow dragon (D:13)
  Agnes (Spider:1)
  3 emperor scorpions
  2 ghost moths
  A stone giant (Orc:2)
  3 entropy weavers (Spider:2)
  6 dire elephants (Lair:6)
  Azrael (Lair:4)
  A minotaur (Lab)
  A yaktaur captain (D:10)
  Snorg (D:11)
  Josephine (Spider:1)
  2 ogre magi
  8 hydras
  Fannar (D:10)
  Harold (D:10)
  4 catoblepae
  Erica (Lair:1)
  An anaconda (Lair:6)
  A death knight (D:15)
  3 centaur warriors
  3 death yaks (Lair:6)
  8 two-headed ogres
  Urug (D:12)
  Sonja (D:10)
  A wretched star (Abyss:2)
  2 skeletal warriors (D:15)
  A wizard (D:14)
  4 unseen horrors
  2 phantasmal warriors (D:15)
  A necromancer (D:15)
  2 orc knights (Orc:2)
  A deep elf mage (D:11)
  6 oklob plants
  15 wolf spiders
  11 orc sorcerers
  14 ugly things
  4 cyclopes
  20 orb spiders
  A manticore (D:13)
  8 elephants
  5 centaur zombies
  3 moths of wrath
  3 black mambas
  4 torpor snails
  Psyche (D:11)
  10 spiny frogs
  A yaktaur (D:15)
  2 kobold demonologists
  6 komodo dragons
  A rime drake (Lair:5)
  2 freezing wraiths (D:15)
  13 demonic crawlers
  18 jumping spiders
  7 trolls
  A meliai (D:10)
  13 blink frogs
  5 hornets
  3 tyrant leeches (Lair:4)
  2 deep troll zombies (D:15)
  9 hippogriffs
  A centaur simulacrum (D:14)
  35 redbacks
  A tarantella (shapeshifter) (D:13)
  7 wraiths
  23 tarantellas
  2 vampires
  2 fire elementals (Spider:1)
  3 wyverns
  A shadow (D:15)
  27 yaks
  A basilisk (Lair:2)
  Grum (D:9)
  Menkaure (D:7)
  3 hungry ghosts
  2 steam dragons
  17 vampire mosquitoes
  4 swamp worms (Lair:4)
  3 wargs
  7 water moccasins
  4 soldier ants
  4 hell hounds (Spider:1)
  8 porcupines
  3 sky beasts
  3 black bears
  A hornet zombie (D:13)
  4 ice beasts
  23 orc warriors
  2 phantoms (D:4)
  10 ogres
  7 wolves
  A necrophage (D:5)
  10 centaurs
  12 crocodiles
  2 big kobolds
  2 yaktaur zombies (D:15)
  18 bullfrogs
  A gnoll sergeant (D:9)
  4 scorpions
  3 killer bees (D:9)
  A small abomination (Abyss:2)
  A wight (D:10)
  7 howler monkeys
  11 electric eels
  10 crimson imps
  2 bullfrog zombies
  11 hounds
  A quasit (D:7)
  5 centaur skeletons
  11 orc priests
  Crazy Yiuf (D:3)
  3 jellies
  43 orc wizards
  2 bullfrog skeletons
  Jessica (D:3)
  Ijyb (D:3)
  An iguana (D:12)
  13 worker ants
  A hound zombie (D:11)
  2 hound skeletons (D:9)
  Robin (D:3)
  7 gnolls
  16 adders
  A howler monkey skeleton (D:10)
  3 shadow imps
  An ooze (D:3)
  5 worms
  A dart slug (D:1)
  7 leopard geckos
  78 orcs
  9 bats
  5 giant cockroaches
  8 hobgoblins
  12 jackals
  15 kobolds
  3 quokkas
  A ball python (D:3)
  A ball python skeleton (D:6)
  4 frilled lizards
  19 goblins
  A jackal zombie (D:7)
  2 quokka skeletons
  A quokka zombie (D:8)
  5 rats
  8 plants
866 creatures vanquished.

Vanquished Creatures (others)
  A crocodile (Lair:1)
  4 fungi (Lair:6)
  8 plants
  9 toadstools (Lair:5)
22 creatures vanquished.

Grand Total: 888 creatures vanquished

Notes
Turn   | Place    | Note
-------+----------+-------------------------------------------
     0 | D:1      | kae the Halfling Hunter began the quest for the Orb.
     0 | D:1      | Reached XP level 1. HP: 14/14 MP: 1/1
    80 | D:1      | Reached skill level 6 in Slings
   135 | D:1      | Reached XP level 2. HP: 19/19 MP: 2/2
   389 | D:1      | Reached skill level 7 in Slings
   389 | D:1      | Reached XP level 3. HP: 24/24 MP: 3/3
  1198 | D:3      | Noticed Robin
  1284 | D:2      | Reached XP level 4. HP: 25/29 MP: 4/4
  1585 | D:3      | Reached skill level 8 in Slings
  1733 | D:3      | Reached XP level 5. HP: 22/34 MP: 5/5
  1891 | D:3      | Reached skill level 9 in Slings
  1901 | D:3      | Killed Robin
  2014 | D:3      | Found a runed door.
  2047 | D:3      | Noticed Jessica
  2056 | D:3      | Reached XP level 6. HP: 39/39 MP: 6/6
  2077 | D:3      | Killed Jessica
  2077 | D:3      | Reached skill level 10 in Slings
  2375 | D:3      | Noticed Ijyb
  2395 | D:3      | Paralysed by Ijyb for 2 turns
  2405 | D:3      | Paralysed by Ijyb for 7 turns
  2416 | D:3      | Killed Ijyb
  2546 | D:3      | Noticed Crazy Yiuf
  2556 | D:3      | Killed Crazy Yiuf
  2666 | D:4      | Reached skill level 11 in Slings
  2666 | D:4      | Reached XP level 7. HP: 44/44 MP: 7/7
  2707 | D:4      | Reached skill level 12 in Slings
  3027 | D:4      | Reached XP level 8. HP: 22/49 MP: 8/8
  3731 | D:5      | Entered Level 5 of the Dungeon
  3868 | D:5      | Reached skill level 13 in Slings
  3903 | D:5      | Found a radiant altar of Vehumet.
  3903 | D:5      | Found an iron altar of Okawaru.
  3998 | D:5      | Found Zulyuwin's General Store.
  4283 | D:5      | Became a worshipper of Warmaster Okawaru
  4445 | D:6      | Reached skill level 14 in Slings
  4504 | D:6      | Reached skill level 1 in Invocations
  4619 | D:6      | Reached skill level 1 in Armour
  5140 | D:6      | Reached * piety under Okawaru
  5140 | D:6      | Reached XP level 9. HP: 55/55 MP: 10/10
  5489 | D:7      | Gained mutation: You have a pair of small horns on your head. [potion of mutation]
  5710 | D:7      | Noticed Menkaure
  5716 | D:7      | Killed Menkaure
  5784 | D:7      | Found a staircase to the Ecumenical Temple.
  6175 | D:8      | Found a shattered altar of Ashenzari.
  6177 | D:8      | Found a shadowy altar of Dithmenos.
  6363 | D:8      | Reached ** piety under Okawaru
  6365 | D:8      | Noticed a troll
  6367 | D:8      | Reached skill level 5 in Dodging
  6386 | D:8      | Killed a troll
  6409 | D:8      | Reached XP level 10. HP: 51/64 MP: 13/13
  6528 | D:8      | Found a staircase to the Lair.
  6679 | D:8      | Noticed a two-headed ogre
  7046 | D:8      | Reached skill level 5 in Invocations
  7083 | D:8      | Killed a two-headed ogre
  7083 | D:8      | Reached *** piety under Okawaru
  7083 | D:8      | Reached skill level 5 in Fighting
  7083 | D:8      | Reached skill level 5 in Armour
  8373 | D:9      | Found an opulent altar of Gozag.
  8778 | D:9      | Noticed Grum
  8786 | D:9      | Killed Grum
  8786 | D:9      | Reached **** piety under Okawaru
  8854 | D:9      | Reached XP level 11. HP: 68/72 MP: 16/16
  9725 | D:10     | Entered Level 10 of the Dungeon
  9725 | D:10     | Found a staircase to the Orcish Mines.
  9744 | D:10     | Noticed a yaktaur captain
  9754 | D:10     | Noticed Fannar
  9823 | D:10     | Found a shadowy altar of Dithmenos.
  9857 | D:10     | Killed a yaktaur captain
 10221 | D:10     | Noticed Harold
 10243 | D:10     | Killed Harold
 10243 | D:10     | Reached ***** piety under Okawaru
 10322 | D:10     | Noticed Sonja
 10358 | D:10     | Killed Sonja
 10709 | D:10     | Killed an unseen horror
 10964 | D:10     | Killed Fannar
 10964 | D:10     | Received a gift from Okawaru
 10964 | D:10     | Reached XP level 12. HP: 48/81 MP: 10/18
 11037 | D:10     | Killed an unseen horror
 11594 | D:10     | Got a pair of dazzling boots
 11617 | D:10     | Got a jewelled chain mail
 11620 | D:10     | Identified the cursed +0 pair of boots of the Morning {rElec rN+ Str+6 Int-5} (You found it on level 10 of the Dungeon)
 11621 | D:10     | Identified the +7 chain mail of the Robin {rCorr Int+4 Slay-6} (You found it on level 10 of the Dungeon)
 11981 | Lair:1   | Entered Level 1 of the Lair of Beasts
 12174 | Lair:1   | Noticed Erica
 12223 | Lair:1   | Killed Erica
 13654 | Lair:2   | Received a gift from Okawaru
 13654 | Lair:2   | Reached skill level 10 in Dodging
 14063 | Lair:3   | Reached XP level 13. HP: 89/89 MP: 20/20
 14301 | Lair:3   | Found a staircase to the Swamp.
 14425 | Lair:3   | Reached skill level 15 in Slings
 14448 | Lair:3   | Noticed a six-headed hydra
 14456 | Lair:3   | Killed a six-headed hydra
 14456 | Lair:3   | Received a gift from Okawaru
 14456 | Lair:3   | Reached skill level 10 in Invocations
 14500 | Lair:3   | Noticed a seven-headed hydra
 14513 | Lair:3   | Killed a seven-headed hydra
 14513 | Lair:3   | Reached skill level 10 in Armour
 15460 | Lair:4   | Received a gift from Okawaru
 15682 | Lair:4   | Reached skill level 1 in Shields
 15732 | Lair:4   | Received a gift from Okawaru
 15816 | Lair:4   | Received a gift from Okawaru
 15971 | Lair:4   | Found a hole to the Spider Nest.
 15995 | Lair:4   | Noticed a seven-headed hydra
 16002 | Lair:4   | Killed a seven-headed hydra
 16735 | Lair:5   | Received a gift from Okawaru
 16976 | Lair:5   | Found a runed door.
 17007 | Lair:5   | Noticed a seven-headed hydra
 17019 | Lair:5   | Killed a seven-headed hydra
 18030 | Lair:5   | Identified the Papyrus of Twisted Combat Magic
 18227 | Lair:6   | Entered Level 6 of the Lair of Beasts
 18261 | Lair:6   | Reached XP level 14. HP: 97/97 MP: 22/22
 18355 | Lair:6   | Reached skill level 16 in Slings
 18379 | Lair:6   | Found a viscous altar of Jiyva.
 18380 | Lair:6   | Found a staircase to the Slime Pits.
 18534 | Lair:6   | Received a gift from Okawaru
 18918 | Lair:6   | Received a gift from Okawaru
 19223 | Lair:6   | Reached skill level 5 in Shields
 19804 | Lair:6   | Noticed a dire elephant
 19807 | Lair:6   | Noticed a dire elephant
 19813 | Lair:6   | Identified a scroll of acquirement
 19814 | Lair:6   | Got a crystal hunting sling
 19840 | Lair:6   | Noticed a dire elephant
 19919 | Lair:6   | Killed a dire elephant
 19960 | Lair:6   | Killed a dire elephant
 20123 | Lair:6   | Noticed a dire elephant
 20136 | Lair:6   | Killed a dire elephant
 20136 | Lair:6   | Reached skill level 10 in Fighting
 20211 | Lair:6   | Killed a dire elephant
 20300 | Lair:6   | Noticed a dire elephant
 20300 | Lair:6   | Noticed a dire elephant
 20329 | Lair:6   | Killed a dire elephant
 20340 | Lair:6   | Killed a dire elephant
 20397 | Lair:6   | Identified the +8 hunting sling "Jelly's Doom" {velocity, Str+5 Dex+2 Stlth+} (You acquired it on level 6 of the Lair of Beasts)
 20811 | D:11     | Noticed Psyche
 20816 | D:11     | Killed Psyche
 20993 | D:11     | Reached XP level 15. HP: 103/103 MP: 23/23
 21026 | D:11     | Reached ****** piety under Okawaru
 21026 | D:11     | Received a gift from Okawaru
 21261 | D:11     | Found a portal to a secret trove of treasure.
 21324 | D:11     | Noticed Snorg
 21342 | D:11     | Killed Snorg
 21342 | D:11     | Received a gift from Okawaru
 22086 | D:12     | Received a gift from Okawaru
 22119 | D:12     | Reached skill level 17 in Slings
 22182 | D:12     | Noticed Urug
 22191 | D:12     | Killed Urug
 22503 | Orc:1    | Entered Level 1 of the Orcish Mines
 22893 | Orc:2    | Entered Level 2 of the Orcish Mines
 22990 | Orc:2    | Found a staircase to the Elven Halls.
 23367 | Orc:2    | Noticed a stone giant
 23382 | Orc:2    | Killed a stone giant
 23530 | Orc:2    | Paralysed by an orc sorcerer for 5 turns
 23593 | Orc:2    | Received a gift from Okawaru
 23765 | Orc:2    | Paralysed by an orc sorcerer for 2 turns
 23792 | Orc:2    | Found Esausuff's Distillery.
 23807 | Orc:2    | Found Xyemabut's Antique Weapon Shoppe.
 23858 | Orc:2    | Found an ancient bone altar of Kikubaaqudgha.
 23872 | Orc:2    | Paralysed by an orc sorcerer for 6 turns
 23896 | Orc:2    | Received a gift from Okawaru
 23950 | Orc:2    | Paralysed by an orc sorcerer for 3 turns
 23974 | Orc:2    | Found a roughly hewn altar of Beogh.
 23974 | Orc:2    | Found Xaol's Antique Armour Shoppe.
 23977 | Orc:2    | Found Lianoxtu's Gadget Emporium.
 23984 | Orc:2    | Found a radiant altar of Vehumet.
 24041 | Orc:2    | Bought a pair of runed gloves for 270 gold pieces
 24558 | D:13     | Found a labyrinth entrance.
 24604 | D:13     | Received a gift from Okawaru
 24653 | Lab      | Entered a labyrinth
 25214 | D:13     | Received a gift from Okawaru
 25240 | D:13     | Got a pair of scorched gloves {god gift}
 25246 | D:13     | Identified the +0 pair of gloves "Leos" {Str+4 SInv} (Okawaru gifted it to you on level 13 of the Dungeon)
 25470 | D:13     | Noticed a shadow dragon
 25493 | D:13     | Killed a shadow dragon
 25599 | D:13     | Reached skill level 5 in Stealth
 25629 | D:13     | Found a runed door.
 25629 | D:13     | Noticed pedritolo's ghost (journeyman TrBe)
 25630 | D:13     | Found the amulet of the Air {Inacc +Fly rElec EV+5 RMsl}
 25734 | D:14     | Found a sacrificial altar of Ru.
 25886 | D:14     | Reached XP level 16. HP: 112/112 MP: 25/25
 26050 | D:14     | Found a gate to the Vaults.
 26307 | D:14     | Found Jysha's Assorted Antiques.
 26323 | D:14     | Bought a scroll labeled YLOEJY ECAW for 27 gold pieces
 26707 | D:15     | Entered Level 15 of the Dungeon
 26850 | D:15     | Found a staircase to the Depths.
 26854 | D:15     | Reached skill level 18 in Slings
 26993 | D:15     | Received a gift from Okawaru
 27162 | D:15     | Received a gift from Okawaru
 27276 | D:15     | Received a gift from Okawaru
 27309 | D:15     | Found Tisho's Elemental Accessories.
 28067 | Lair:2   | Learned a level 2 spell: Blink
 28114 | Spider:1 | Entered Level 1 of the Spider Nest
 28119 | Spider:1 | Noticed Azrael
 28149 | Lair:4   | Killed Azrael
 28233 | Spider:1 | Reached skill level 1 in Translocations
 28250 | Spider:1 | Got a brightly glowing fustibalus
 28258 | Spider:1 | Identified the +6 fustibalus of Demonkind {velocity, MR+ SInv} (You found it on level 1 of the Spider Nest)
 28491 | Spider:1 | Received a gift from Okawaru
 28763 | Spider:1 | Noticed Agnes
 28776 | Spider:1 | Killed Agnes
 28981 | Spider:1 | Noticed Josephine
 29002 | Spider:1 | Killed Josephine
 29002 | Spider:1 | Reached skill level 19 in Slings
 29188 | Spider:1 | Noticed Rupert
 29200 | Spider:1 | Killed Rupert
 29200 | Spider:1 | Received a gift from Okawaru
 29200 | Spider:1 | Reached XP level 17. HP: 119/119 MP: 18/26
 29577 | Spider:2 | Received a gift from Okawaru
 30258 | Spider:2 | Received a gift from Okawaru
 32062 | Spider:2 | Received a gift from Okawaru
 32614 | Spider:3 | Noticed Arachne
 32651 | Spider:2 | Killed Arachne
 32651 | Spider:2 | Reached skill level 20 in Slings
 33209 | Spider:3 | Reached skill level 5 in Translocations
 34002 | Spider:4 | Entered Level 4 of the Spider Nest
 34042 | Spider:4 | Reached XP level 18. HP: 120/126 MP: 25/27
 34130 | Spider:4 | Noticed Louise
 34133 | Spider:4 | Cast into level 2 of the Abyss (Louise)
 34139 | Abyss:2  | Found a corrupted altar of Lugonu.
 34187 | Abyss:2  | Quit the game

Vault maps used:
D:1:      dpeg_arrival_tiny_k, st_stairs_6, minmay_distorted
D:3:      uniq_ijyb, uniq_crazy_yiuf_cottage, uniq_robin, uniq_jessica
D:5:      grunt_temple_overflow_open, first_ration, serial_shops,
          nicolae_shop_waterfront
D:6:      grunt_decor_one_mirror
D:7:      minmay_temple_entry_junction, uniq_menkaure
D:8:      chequers_temple_overflow_statue_of_worship, erik_lair_island
D:9:      nicolae_gozag_cash_rules_everything_around_me,
          hangedman_pestilent_swarm, uniq_grum
D:10:     minmay_the_grid_plus_closed, orc_0_dummy,
          nicolae_dithmenos_the_darkroom, uniq_harold, uniq_fannar, uniq_sonja
D:11:     serial_bayou, serial_bayou_ford_a, serial_bayou_shore_a,
          serial_bayou_pond_b, serial_bayou_shore_b, serial_bayou_pond_d,
          nicolae_trove_entry_crossroad, uniq_snorg, uniq_psyche
D:12:     uniq_urug
D:13:     ebering_ghost_inner_flame, serial_corexii_hall,
          corexii_hall_statues_x, corexii_hall_statues_u,
          corexii_hall_statues_deadend, corexii_hall_statues_s,
          lab_entry_generic, kennysheep_just_a_vault
D:14:     david_vaults_2, serial_shops, nicolae_shop_overgrown_old_shop,
          nicolae_ru_awakened_eye
D:15:     gammafunk_depths_entry_grave, grunt_decor_mini_mirrors,
          nicolae_elemental_shop
Lair:1:   infiniplex_staircase_pool_2, uniq_erica
Lair:2:   st_stairs_10, disabler_island
Lair:3:   swamp_mist_pool, grunt_megastairs_5
Lair:4:   dummy_spider_entry, worms_lemuel, grunt_megastairs_2
Lair:5:   gammafunk_lair_enchanted_lake, grunt_megastairs_4,
          minmay_lair_oklob_chamber
Lair:6:   due_jungle_book, slime_altar_1, lemuel_fruit_tree
Spider:1: spider_trap, uniq_rupert, uniq_josephine, uniq_azrael, uniq_agnes
Spider:2: nicolae_spider_hall_of_the_moth_king, spider_trap
Spider:3: uniq_arachne
Spider:4: grunt_spider_rune_circles, guppyfry_hornet_nest, uniq_louise
Orc:2:    kennysheep_orc_mage_school
Lab:      labyrinth_spiral, nicolae_lab_stuck

Skill      XL: |  1  2  3  4  5  6  7  8  9 10 11 12 13 14 15 16 17 |
---------------+----------------------------------------------------+-----
Slings         | 6 7 8 9 11 12 14 15 16 17 19 20 | 20.3
Invocations    | 2 4 6 8 9 10 11 12 | 12.0
Fighting       | 2 4 5 7 8 9 10 11 12 | 12.2
Armour         | 1 4 6 8 9 10 11 12 13 14 | 14.1
Dodging        | 3 5 7 8 10 11 12 13 14 | 14.3
Shields        | 3 5 |  5.6
Stealth        | 5 7 9 |  9.3
Translocations | 2 5 |  5.3

Action                   |  1- 3 |  4- 6 |  7- 9 | 10-12 | 13-15 | 16-18 || total
-------------------------+-------+-------+-------+-------+-------+-------++-------
Melee: Short sword       |    46 |    51 |     3 |    19 |   131 |       ||   250
       Hunting sling     |       |       |       |    15 |       |       ||    15
       Headbutt          |       |       |       |     9 |    57 |     6 ||    72
       Demon whip        |       |       |       |       |       |    20 ||    20
       Fustibalus        |       |       |       |       |       |     2 ||     2
 Fire: Hunting sling     |    50 |   183 |   405 |   805 |  1360 |   432 ||  3235
       Fustibalus        |       |       |       |       |       |   737 ||   737
Invok: Heroism           |       |       |     5 |    22 |    19 |    16 ||    62
       Finesse           |       |       |       |       |     1 |     2 ||     3
Evoke: Wand              |       |       |       |     1 |     1 |       ||     2
  Use: Scroll            |       |     5 |    10 |    14 |    11 |     8 ||    48
       Potion            |       |       |    11 |     3 |       |     2 ||    16
 Stab: Sleeping          |     1 |     1 |       |       |       |       ||     2
  Eat: Chunk             |     1 |     4 |    10 |    16 |    25 |    13 ||    69
       Ration            |       |       |       |     2 |     3 |     3 ||     8
Armor: Leather armour    |    12 |    24 |    23 |    57 |       |       ||   116
       Crystal plate arm |       |       |       |    57 |   205 |   517 ||   779
Dodge: Dodged            |    43 |    83 |    72 |   296 |   222 |   698 ||  1414
Block: Buckler           |       |       |       |       |   126 |   346 ||   472

Table legend:
 A = Spawn XP
 B = Non-spawn XP
 C = Spawn XP percentage of total XP
 D = Spawn monster count
 E = Non-spawn monster count
 F = Spawn count percentage of total count
 G = Total turns spent on level
                    A         B        C        D         E        F      G
               +---------+---------+-------+---------+---------+-------+---------
         Total |     831 |  209219 |   0.4 |       2 |     856 |   0.2 | 34187
               +---------+---------+-------+---------+---------+-------+---------
           D:1 |       0 |      49 |   0.0 |       0 |      26 |   0.0 |   733
           D:2 |       0 |      26 |   0.0 |       0 |      14 |   0.0 |   904
           D:3 |       0 |     363 |   0.0 |       0 |      45 |   0.0 |   969
           D:4 |       0 |     621 |   0.0 |       0 |      21 |   0.0 |  1125
           D:5 |       0 |     430 |   0.0 |       0 |      15 |   0.0 |   635
           D:6 |       0 |     566 |   0.0 |       0 |      16 |   0.0 |  1050
           D:7 |       0 |     745 |   0.0 |       0 |      14 |   0.0 |   782
           D:8 |       0 |    2491 |   0.0 |       0 |      25 |   0.0 |  2063
           D:9 |       0 |    3573 |   0.0 |       0 |      48 |   0.0 |  1598
          D:10 |       0 |    9342 |   0.0 |       0 |      49 |   0.0 |  2345
          D:11 |       0 |    8948 |   0.0 |       0 |      41 |   0.0 |  1011
          D:12 |       0 |    4594 |   0.0 |       0 |      26 |   0.0 |   793
          D:13 |       0 |    7635 |   0.0 |       0 |      41 |   0.0 |   888
          D:14 |       0 |   11516 |   0.0 |       0 |      31 |   0.0 |  1053
          D:15 |       0 |   20782 |   0.0 |       0 |      51 |   0.0 |  1197
        Lair:1 |       0 |    3589 |   0.0 |       0 |      14 |   0.0 |  1106
        Lair:2 |       0 |    5037 |   0.0 |       0 |      20 |   0.0 |  1009
        Lair:3 |       0 |    5469 |   0.0 |       0 |      20 |   0.0 |  1450
        Lair:4 |       0 |    5936 |   0.0 |       0 |      18 |   0.0 |  1061
        Lair:5 |       0 |    8710 |   0.0 |       0 |      28 |   0.0 |  1887
        Lair:6 |       0 |   24100 |   0.0 |       0 |      45 |   0.0 |  2344
      Spider:1 |       0 |   15625 |   0.0 |       0 |      31 |   0.0 |  1270
      Spider:2 |       0 |   36959 |   0.0 |       0 |      83 |   0.0 |  3938
      Spider:3 |       0 |   11155 |   0.0 |       0 |      25 |   0.0 |   597
      Spider:4 |       0 |    6102 |   0.0 |       0 |      15 |   0.0 |   131
         Orc:1 |       0 |    1357 |   0.0 |       0 |      26 |   0.0 |   566
         Orc:2 |       0 |   12322 |   0.0 |       0 |      67 |   0.0 |  1311
       Abyss:2 |     831 |       0 | 100.0 |       2 |       0 | 100.0 |    54
           Lab |       0 |    1177 |   0.0 |       0 |       1 |   0.0 |   317
               +---------+---------+-------+---------+---------+-------+---------
